 Dungeon Crawl Stone Soup version 0.29.1-1-gd02db6906a (webtiles) character file.

Game seed: 14551998493802499643

3808 EvilAshe the Ogre Mage (level 10, -4/81 HPs)
             Began as an Ogre Hedge Wizard on Sept 16, 2022.
             Was a Believer of Fedhas.
             Slain by a troll (13 damage)
             ... on level 9 of the Dungeon.
             The game lasted 00:38:05 (10973 turns).

EvilAshe the Ogre Mage (Ogre Hedge Wizard)         Turns: 10973, Time: 00:38:05

Health: -4/81      AC:  4    Str: 16    XL:     10   Next: 17%
Magic:  11/22      EV: 10    Int: 31    God:    Fedhas [**....]
Gold:   544        SH:  0    Dex:  8    Spells: 12/25 levels left

rFire   . . .      SeeInvis .   H - +1 halberd
rCold   . . .      Faith    .   (shield currently unavailable)
rNeg    . . .      Spirit   .   b - +0 robe
rPois   .          Reflect  .   c - +1 hat
rElec   .          Harm     .   (no cloak)
rCorr   .          Rampage  .   (gloves unavailable)
Will    +....                   (boots unavailable)
Stlth   +.........              A - amulet of magic regeneration
HPRegen 0.23/turn               r - +6 ring of intelligence
MPRegen 0.58/turn               D - +6 ring of intelligence

@: confused, very slightly contaminated
A: large, unfitting armour, tough skin 1
a: Renounce Religion, Wall of Briars


You were on level 9 of the Dungeon.
You worshipped Fedhas.
Fedhas was pleased with you.
You visited 1 branch of the dungeon, and saw 9 of its levels.

You collected 544 gold pieces.

Inventory:

Hand Weapons
 G - a +0 trident
 H - a +1 halberd (weapon)
Missiles
 a - a throwing net
 e - 3 javelins
Armour
 b - a +0 robe (worn)
 c - a +1 hat (worn)
Jewellery
 f - the ring "Jeame" {rElec AC+4}
   (You found it on level 4 of the Dungeon)

   [ring of protection]

   AC:        It affects your AC (+4).
   rElec:     It insulates you from electricity.
 k - a ring of fire
 o - the ring "Rev Ychesic" {rPois rC+ rN++ Int-3 SInv}
   (You found it on level 9 of the Dungeon)

   [ring of poison resistance]

   Int:       It affects your intelligence (-3).
   rC:        It protects you from cold.
   rPois:     It protects you from poison.
   rN:        It greatly protects you from negative energy.
   SInv:      It lets you see invisible.
 r - a +6 ring of intelligence (left hand)
 A - an amulet of magic regeneration (around neck)
 D - a +6 ring of intelligence (right hand)
 I - an amulet of regeneration
Wands
 t - a wand of roots (16)
 y - a wand of flame (39)
 C - a wand of light (9)
Scrolls
 h - 3 scrolls of teleportation
 i - 4 scrolls of enchant armour
 l - a scroll of identify
 n - a scroll of summoning {unknown}
 q - a scroll of torment {unknown}
 s - a scroll of magic mapping {unknown}
 u - a scroll of blinking
 w - a scroll of poison {unknown}
 x - a scroll of brand weapon {unknown}
 B - 2 scrolls of noise {unknown}
 E - a scroll of butterflies
 F - a scroll of enchant weapon
 J - 2 scrolls of amnesia
Potions
 d - a potion of magic
 g - a potion of brilliance
 j - 3 potions of lignification
 m - a potion of invisibility
 z - 2 potions of mutation
 K - a potion of attraction
 M - a potion of berserk rage {unknown}
 O - a potion of degeneration {unknown}
 P - a potion of might {unknown}


   Skills:
 + Level 4.7 Polearms
 + Level 5.6 Dodging
 - Level 1.4 Stealth
 + Level 8.4 Spellcasting
 + Level 6.2 Conjurations
 - Level 2.5 Summonings
 - Level 0.8 Translocations
 - Level 4.4 Air Magic
 + Level 3.7 Poison Magic


You had 12 spell levels left.
You knew the following spells:

 Your Spells              Type           Power      Damage    Failure   Level
a - Magic Dart            Conj           100%       1d8       1%          1
b - Call Imp              Summ           28%        N/A       1%          2
c - Mephitic Cloud        Conj/Pois/Air  42%        N/A       1%          3
d - Swiftness             Air            40%        N/A       1%          3
o - Olgreb's Toxic Radia  Pois           36%        N/A       9%          4

Your spell library contained the following spells:

 Spells                   Type           Power      Damage    Failure   Level
 Sting                    Tmut/Pois      96%        1d7       1%          1
 Poisonous Vapours        Pois/Air       76%        N/A       1%          2
 Slow                     Hex            52%        N/A       3%          1
 Conjure Flame            Conj/Fire      32%        6-21      3%          3
 Blink                    Tloc           36%        N/A       4%          2
 Ensorcelled Hibernation  Hex/Ice        26%        N/A       6%          2
 Passwall                 Tmut/Erth      10%        N/A       6%          2
 Summon Guardian Golem    Hex/Summ       20%        N/A       7%          3
 Orb of Destruction       Conj           25%        9d9       94%         7
 Spellforged Servitor     Conj/Summ      20%        N/A       99%         7


Dungeon Overview and Level Annotations

Branches:
Dungeon (9/15)             Temple (0/1) D:6
   Lair: D:8-11         Orc: D:9-12

Altars:
Ashenzari
Dithmenos
Fedhas
Vehumet
The Shining One

Shops:
D:9 :


Innate Abilities, Weirdness & Mutations

You are too large for most types of armour.
You have tough skin. (AC +1)


Message History

The troll looks even sicker.
The orc wizard looks even sicker.
You feel sick.
You kill the orc wizard!
Fedhas appreciates your contribution to the ecosystem.
The orc warrior closely misses the troll.
Your toxic aura wanes.
You feel sick.
You are no longer poisoned.
You kill the orc warrior!
Fedhas appreciates your contribution to the ecosystem.
Casting: Olgreb's Toxic Radiance (dangerous; 9% risk of failure)
Confirm with . or Enter, or press ? or * to list all spells.
A beastly little devil appears in a puff of flame.
The troll bites you but does no damage. The troll claws you but does no damage.
The troll barely misses you.
Your crimson imp hits the troll.
The troll attacks as you move away! The troll bites you!
The troll claws you. x2
Your crimson imp misses the troll.
Your crimson imp hits the troll.
The troll attacks as you move away! The troll bites you!! The troll claws you!
* * * LOW HITPOINT WARNING * * *
The troll claws you!
* * * LOW HITPOINT WARNING * * *
Casting: Call Imp (safe; 1% risk of failure)
Confirm with . or Enter, or press ? or * to list all spells.
Aiming: Mephitic Cloud (safe; 1% risk of failure)
Press: ? - help, Shift-Dir - straight line, f - troll
Aim: a troll (moderately wounded, poisoned, ally target, chance to affect: 67%) That beam is likely to hit you.
Continue anyway?
The ball explodes into a vile cloud!
The stinking cloud engulfs the troll but does no damage.
The troll is moderately wounded.
The stinking cloud engulfs you but does no damage.
The stinking cloud engulfs your crimson imp but does no damage.
You are engulfed in noxious fumes.
You choke on the stench!
You are confused.
The troll looks more healthy.
The troll is engulfed in noxious fumes.
The troll appears confused.
The troll closely misses you. The troll claws you.
* * * LOW HITPOINT WARNING * * *
The troll claws you!
You die...
Fedhas appreciates your contribution to the ecosystem.

...## ....# ....###
......## .......#
####### ###..###
#.....### #...##
###.......## .....#####
###..........#
......##.#
#...§@☼.....##
.....)#..###...☼T§....##
..........##...☼5§...##
...........#......>...#
......................#
......................#
......................#
.......#++#.).##...#..#
....#.## ##..###.#####


You could see a troll (confused, ally target) and a friendly crimson imp
(summoned).

Vanquished Creatures
  Joseph (D:8)
  A hornet (D:9)
  A yak (D:9)
  A wyvern (D:9)
  Eustachio (D:6)
  A water moccasin (D:7)
  3 orc warriors
  2 black bears
  2 centaurs
  2 phantoms
  A kobold brigand (D:7)
  A necrophage (D:6)
  2 bullfrogs
  3 scorpions
  6 killer bees
  A jelly (D:5)
  3 orc priests
  A gnoll bouda (D:9)
  A hound (D:7)
  Natasha (thrice) (D:4)
  5 iguanas
  2 orc wizards
  2 gnolls (D:5)
  8 adders
  2 ufetubi (D:6)
  A worm (D:5)
  20 orcs
  9 bats
  7 endoplasms
  2 giant cockroaches
  6 goblins
  7 hobgoblins
  7 jackals (D:1)
  8 kobolds
  2 quokkas
  8 ball pythons
  5 frilled lizards
  4 rats
142 creatures vanquished.

Vanquished Creatures (collateral kills)
  A centaur (D:8)
  A scorpion (D:3)
  A bullfrog (D:7)
  2 necrophages (D:7)
  2 killer bees
  4 hounds
  2 gnoll boudas
  An orc wizard (D:5)
  An iguana (D:6)
  An adder (D:5)
  A gnoll (D:4)
  A dart slug (D:2)
  3 orcs
  A ball python (D:4)
  A hobgoblin (D:3)
23 creatures vanquished.

Grand Total: 165 creatures vanquished

Notes
Turn   | Place    | Note
-------+----------+-------------------------------------------
     0 | D:1      | EvilAshe the Ogre Hedge Wizard began the quest for the Orb.
     0 | D:1      | Reached XP level 1. HP: 16/16 MP: 5/5
    26 | D:1      | Reached skill level 1 in Conjurations
   293 | D:1      | Reached XP level 2. HP: 24/24 MP: 2/6
   392 | D:1      | Reached skill level 4 in Spellcasting
   924 | D:1      | Reached XP level 3. HP: 30/31 MP: 2/8
  1026 | D:1      | Learned a level 2 spell: Call Imp
  1209 | D:1      | Reached skill level 1 in Summonings
  2096 | D:2      | Reached XP level 4. HP: 39/39 MP: 3/10
  2930 | D:2      | Learned a level 3 spell: Mephitic Cloud
  3033 | D:3      | Noticed a scorpion
  3094 | D:3      | Found a shadowy altar of Dithmenos.
  3412 | D:3      | Found a faded altar of an unknown god.
  3529 | D:4      | Noticed Natasha
  3535 | D:4      | Killed Natasha
  3536 | D:4      | Reached XP level 5. HP: 31/45 MP: 6/12
  3612 | D:5      | Entered Level 5 of the Dungeon
  3641 | D:4      | Noticed Natasha
  3678 | D:4      | Killed Natasha
  3851 | D:4      | Reached skill level 1 in Air Magic
  3898 | D:4      | Identified the ring "Jeame" {rElec AC+4}
  3928 | D:4      | Noticed Natasha
  3935 | D:4      | Killed Natasha
  3936 | D:4      | Reached skill level 1 in Poison Magic
  4352 | D:4      | Reached skill level 5 in Spellcasting
  4352 | D:4      | Reached XP level 6. HP: 40/53 MP: 13/13
  4534 | D:5      | Learned a level 3 spell: Swiftness
  4847 | D:5      | Reached XP level 7. HP: 41/59 MP: 12/15
  5780 | D:6      | Found a blossoming altar of Fedhas.
  5784 | D:6      | Became a worshipper of Fedhas Madash
  6536 | D:6      | Reached skill level 6 in Spellcasting
  6648 | D:6      | Reached XP level 8. HP: 33/67 MP: 12/17
  6885 | D:6      | Found a staircase to the Ecumenical Temple.
  7109 | D:6      | Noticed Eustachio
  7135 | D:6      | Killed Eustachio
  7145 | D:6      | Reached skill level 1 in Polearms
  7622 | D:7      | Found a radiant altar of Vehumet.
  7740 | D:7      | Reached * piety under Fedhas
  7893 | D:7      | Reached skill level 7 in Spellcasting
  7962 | D:7      | Reached XP level 9. HP: 74/74 MP: 19/19
  8103 | D:7      | Reached skill level 5 in Conjurations
  8535 | D:7      | HP: 1/74 [water moccasin (8)]
  8859 | D:7      | Found a broken altar of Ashenzari.
  8964 | D:3      | Found a glowing golden altar of the Shining One.
  9605 | D:8      | Learned a level 4 spell: Olgreb's Toxic Radiance
  9641 | D:8      | Noticed Joseph
  9929 | D:8      | Killed Joseph
  9930 | D:8      | Reached skill level 5 in Dodging
 10205 | D:9      | Found Ubbippea's Book Shop.
 10251 | D:8      | HP: 1/74 [something (3)]
 10478 | D:9      | Noticed a hornet
 10498 | D:9      | Killed a hornet
 10499 | D:9      | Reached skill level 8 in Spellcasting
 10504 | D:9      | Reached XP level 10. HP: 47/81 MP: 17/22
 10509 | D:9      | Reached ** piety under Fedhas
 10887 | D:9      | Identified the ring "Rev Ychesic" {rPois rC+ rN++ Int-3
                  | SInv}
 10973 | D:9      | Slain by a troll

Illustrated notes

Levels and vault maps discovered:
D:1:      onia_arrival_handbag, layout_basic, serial_park_tiny_1,
          palyth_stone_intersect, nicolae_titane
D:2:      layout_basic
D:3:      layout_rooms, tso_oasis_becter, nicolae_dithmenos_shadow_blocks,
          shapermc_ecumenical_altar_venn
D:4:      layout_basic, uniq_natasha
D:5:      layout_rooms, serial_corexii_hall, corexii_hall_statues_l,
          chequers_hall_statues_y, corexii_hall_statues_x,
          corexii_hall_statues_s, corexii_hall_statues_x,
          chequers_hall_statues_y
D:6:      layout_gridville, overflow_temple_1_default,
          minmay_temple_entry_statues_pillars, uniq_eustachio
D:7:      layout_loops_cross, vehumet_altar_wand_db,
          mainiacjoe_overflow_alcove_2
D:8:      layout_cave_pools, mainiacjoe_overflow_paths, uniq_joseph
D:9:      layout_cave_pools, david_lair_generic, serial_gnoll_camp,
          gnoll_camp_mini_hut, gnoll_camp_huts_moat, gnoll_camp_mini_hut,
          gnoll_camp_mini_sergeant, gnoll_camp_mini_hut, gnoll_camp_mini_shop

Skill      XL: |  1  2  3  4  5  6  7  8  9 |
---------------+----------------------------+-----
Conjurations   | 1 2 3 4 6 |  6.2
Spellcasting   | 4 5 6 7 8 |  8.4
Summonings     | 1 2 |  2.5
Air Magic      | 1 2 3 4 |  4.4
Poison Magic   | 1 2 3 |  3.7
Dodging        | 2 3 4 5 |  5.6
Polearms       | 2 4 |  4.7
Stealth        | |  1.4
Translocations | |  0.8

Action                   |  1- 3 |  4- 6 |  7- 9 | 10-12 || total
-------------------------+-------+-------+-------+-------++-------
Melee: Dagger            |    18 |       |       |       ||    18
       Punch             |     1 |     1 |       |       ||     2
       Spear             |       |    47 |    18 |       ||    65
       Halberd           |       |       |   109 |    17 ||   126
 Cast: Magic Dart        |   105 |    82 |   162 |    11 ||   360
       Call Imp          |     1 |    10 |    33 |     5 ||    49
       Mephitic Cloud    |       |     1 |    38 |     5 ||    44
       Olgreb's Toxic Ra |       |       |     2 |     4 ||     6
       Swiftness         |       |       |     1 |       ||     1
  Use: Scroll            |       |     7 |     9 |       ||    16
       Potion            |       |       |     4 |     2 ||     6
 Stab: Sleeping          |     1 |       |       |       ||     1
       Distracted        |       |     1 |       |       ||     1
       Confused          |       |       |     8 |     1 ||     9
Armor: Robe              |    20 |     8 |    59 |     8 ||    95
Dodge: Dodged            |    23 |    22 |   136 |    19 ||   200
